 Dungeon Crawl Stone Soup version 0.31.0-4-g52a2dc7128 (webtiles) character file.

Game seed: 3650198618376284749

8 SnakkuSnakku7 the Ducker (level 2, -5/22 HPs)
             Began as a Merfolk Earth Elementalist on Jan 22, 2024.
             Slain by Natasha (6 damage)
             ... on level 2 of the Dungeon.
             The game lasted 00:00:43 (861 turns).

SnakkuSnakku7 the Ducker (MfEE)                      Turns: 861, Time: 00:00:44

Health: -5/22      AC:  3    Str:  8    XL:     2   Next: 8%
Magic:  0/5        EV: 12    Int: 14    God:
Gold:   93         SH:  0    Dex: 14    Spells: 4/5 levels left

rFire   . . .        f - +0 short sword
rCold   . . .        (no shield)
rNeg    . . .        e - +0 leather armour
rPois   .            (no helmet)
rElec   .            (no cloak)
rCorr   .            (no gloves)
SInv    .            (no boots)
Will    .....        (no amulet)
Stlth   ++           (no ring)
HPRegen 0.23/turn    (no ring)
MPRegen 0.09/turn

%: no passive effects
@: very slightly contaminated
A: (nimble swimmer 2), mertail
a: no special abilities


You were on level 2 of the Dungeon.
You visited 1 branch of the dungeon, and saw 2 of its levels.

You collected 93 gold pieces.

Inventory:

Hand Weapons
 d - a +0 hand axe
 f - a +0 short sword (weapon)
Armour
 a - a +0 robe
 e - a +0 leather armour (worn)
Scrolls
 c - a scroll of identify {unknown}
Potions
 b - a potion of magic
 g - 2 potions of haste {unknown}
 h - a potion of invisibility {unknown}
 i - a potion of degeneration {unknown}


   Skills:
 + Level 1.9 Fighting
 - Level 2.6 Dodging
 - Level 2.1 Stealth
 - Level 2.0 Spellcasting
 - Level 0.7 Conjurations
 - Level 2.4 Earth Magic


You had 4 spell levels left.
You knew the following spells:

 Your Spells              Type           Power      Damage    Failure   Level
a - Sandblast             Erth           16%        2d6       13%         1

Your spell library contained the following spells:

 Spells                   Type           Power      Damage    Failure   Level
 Passwall                 Erth           8%         N/A       36%         3
 Stone Arrow              Conj/Erth      10%        3d7       50%         3
 Brom's Barrelling Bould  Conj/Erth      5%         2d3       88%         4
 Petrify                  Alch/Erth      4%         N/A       91%         4


Dungeon Overview and Level Annotations

Branches:
Dungeon (2/15)

Altars:

Annotations:
D:2 Natasha


Innate Abilities, Weirdness & Mutations

((You are very nimble when in or above water. (Stealth+, EV+, Speed+++)))
Your lower body shifts to a powerful aquatic tail in water.


Message History

The blast of sand hits Natasha.
Natasha is moderately wounded.
The goblin shouts!
Aiming: Sandblast (safe; 13% risk of failure)
Press: ? - help, Q - select action Shift-Dir - straight line, f/p - Natasha
Aim: Natasha (moderately wounded, 76% to hit)
You miscast Sandblast.
You are very lightly contaminated with residual magic.
Nothing appears to happen.
Natasha barely misses you.
Aiming: Sandblast (safe; 13% risk of failure)
Press: ? - help, Q - select action Shift-Dir - straight line, f/p - Natasha
Aim: Natasha (moderately wounded, 76% to hit)
The blast of sand hits Natasha.
Natasha is heavily wounded.
A ball python comes into view.
Natasha barely misses you.
Natasha casts a spell.
Aiming: Sandblast (safe; 13% risk of failure)
Press: ? - help, Q - select action Shift-Dir - straight line, f/p - Natasha
Aim: Natasha (heavily wounded, 76% to hit)
The blast of sand misses Natasha.
The blast of sand misses the cerulean imp.
The ball python hisses angrily.
Natasha claws you.
Aiming: Sandblast (safe; 13% risk of failure)
Press: ? - help, Q - select action Shift-Dir - straight line, f/p - Natasha
Aim: Natasha (heavily wounded, 76% to hit)
The blast of sand misses Natasha.
The blast of sand misses the cerulean imp.
The cerulean imp closely misses you. Natasha claws you.
The cerulean imp hits you from afar with a +0 spear.
The goblin hits you with a +0 club. Natasha claws you!
* * * LOW HITPOINT WARNING * * *
The cerulean imp hits you from afar with a +0 spear.
* * * LOW HITPOINT WARNING * * *
Natasha barely misses you. Natasha attacks as she pursues you!
Natasha claws you.
You die...
Natasha begins licking her fur clean.

.### ##### ....
..... #....##.#.###
#.#.....#.#<# #
#...#...#.#.###.#
#...#...#.#.....#.#
#...................
.#.#..@#...........
#.##.h#########.##
#....g...# ..
........5S....# #
#########.....+
.....# ...... .$...
.....


You could see Natasha, a cerulean imp (summoned), a goblin and a ball python.

Vanquished Creatures
  2 endoplasms (D:1)
  A kobold (D:1)
  2 ball pythons (D:1)
  2 bats (D:1)
7 creatures vanquished.

Notes
Turn   | Place    | Note
-------+----------+-------------------------------------------
     0 | D:1      | SnakkuSnakku7 the Merfolk Earth Elementalist began the
                  | quest for the Orb.
     0 | D:1      | Reached XP level 1. HP: 13/13 MP: 3/3
    45 | D:1      | Reached skill level 1 in Fighting
   274 | D:1      | Reached XP level 2. HP: 22/22 MP: 0/5
   852 | D:2      | Noticed Natasha
   860 | D:2      | HP: 1/22 [cerulean imp/+0 spear[Natasha] (4)]
   861 | D:2      | Slain by Natasha

Illustrated notes

Levels and vault maps discovered:
D:1:      heliophobic_arrival_enchanted_forest, layout_basic
D:2:      layout_basic, serial_shops, nicolae_shop_window_shopping, uniq_natasha

Skill      XL: |  1 |
---------------+----+-----
Fighting       | 1 |  1.9
Dodging        | |  2.6
Stealth        | |  2.1
Spellcasting   | |  2.0
Conjurations   | |  0.7
Earth Magic    | |  2.4

Action                     || total
---------------------------++-------
  Melee: Unarmed           ||     7
         Hand axe          ||     4
         Short sword       ||     8
   Cast: Sandblast         ||    11
 Armour: Robe              ||    16
         Leather armour    ||    11
  Dodge: Dodged            ||    24
